 Dungeon Crawl Stone Soup version 0.29-a0-577-gafbf2c5d25 (webtiles) character file.

Game seed: 2784902232093520516

74 DocClef the Sneak (level 4, -1/40 HPs)
             Began as a Draconian Delver on June 13, 2022.
             Was an Initiate of Okawaru.
             Slain by an iguana (10 damage)
             ... on level 5 of the Dungeon.
             The game lasted 00:00:31 (799 turns).

DocClef the Sneak (Draconian Delver)                 Turns: 799, Time: 00:00:31

Health: -1/40      AC:  5    Str: 14    XL:     4   Next: 9%
Magic:  4/4        EV: 12    Int: 11    God:    Okawaru [......]
Gold:   11         SH:  0    Dex: 14    Spells: 3/3 levels left

rFire   . . .      SeeInvis .   a - +0 short sword
rCold   . . .      Faith    .   (no shield)
rNeg    . . .      Spirit   .   (body armour unavailable)
rPois   .          Reflect  .   (helmet restricted)
rElec   .          Harm     .   (no cloak)
rCorr   .          Rampage  .   (no gloves)
Will    .....                   (no boots)
Stlth   +++.......              (no amulet)
HPRegen 0.13/turn               (no ring)
MPRegen 0.09/turn               (no ring)

@: no status effects
A: AC +5, unfitting armour, cold-blooded
a: Renounce Religion


You were on level 5 of the Dungeon.
You worshipped Okawaru.
Okawaru was noncommittal.
You visited 2 branches of the dungeon, and saw 2 of its levels.

You collected 11 gold pieces.

Inventory:

Hand Weapons
 a - a +0 short sword (weapon)
Wands
 f - a wand of digging (3)
Scrolls
 b - a scroll of fog
 c - a scroll of magic mapping
 d - a scroll of fear
Potions
 e - 2 potions of haste
 g - a potion of lignification {unknown}


   Skills:
 + Level 3.7 Fighting
 + Level 2.1 Short Blades
 + Level 1.9 Dodging
 + Level 5.6 Stealth


You had 3 spell levels left.
You didn't know any spells.
Your spell library was empty.

Dungeon Overview and Level Annotations

Branches:
Dungeon (5/15)             Temple (1/1) D:5

Altars:
Ashenzari
Cheibriados
Dithmenos
Elyvilon
Fedhas
Gozag
Hepliaklqana
Kikubaaqudgha
Makhleb
Nemelex Xobeh
Okawaru
Ru
Sif Muna
Trog
Uskayaw
Vehumet
Wu Jian
Xom
Yredelemnul
Zin
The Shining One


Innate Abilities, Weirdness & Mutations

Your plain brown scales are hard. (AC +5)
You cannot fit into any form of body armour.
You are cold-blooded and may be slowed by cold attacks.


Message History

You are too injured to fight recklessly!
You are too injured to fight recklessly!
You are too injured to fight recklessly!
You are too injured to fight recklessly!
You are too injured to fight recklessly!
Unknown command.
The hound attacks as you move away! The hound completely misses you.
The hound misses you.
There is an escape hatch in the floor here.
You hit the hound.
The hound is moderately wounded.
The hound bites you.
* * * LOW HITPOINT WARNING * * *
The hound misses you.
You hit the hound.
The hound is heavily wounded.
The hound bites you.
* * * LOW HITPOINT WARNING * * *
You hit the hound. You tail-slap the hound.
You kill the hound!
Okawaru accepts your kill.
You have reached level 4!
You feel clever.
You hit the iguana but do no damage.
Your tail-slap misses the iguana.
The iguana is lightly wounded.
The iguana misses you.
You hit the iguana but do no damage.
The iguana is lightly wounded.
The iguana misses you.
You barely miss the iguana.
The iguana is lightly wounded.
The iguana completely misses you.
You closely miss the iguana.
The iguana is lightly wounded.
The iguana bites you but does no damage.
You hit the iguana but do no damage.
You tail-slap the iguana, but do no damage.
The iguana is lightly wounded.
The iguana bites you!
You die...

#.# ##.. ..# ##..# .##
..# ###...# .# #..
.....# .# #.# #...# .#
#.# #..#####.# .# #.#
#........# .# #.#
#l##....... .# #.# #@#
..###.. .########.# #.#
..##
..........######.##....
#########...[...........
################


You could see an iguana.

Vanquished Creatures
  2 hounds (D:5)
  A shadow imp (D:5)
  A white imp (D:5)
4 creatures vanquished.

Notes
Turn   | Place    | Note
-------+----------+-------------------------------------------
     0 | D:5      | DocClef the Draconian Delver began the quest for the Orb.
     0 | D:5      | Reached XP level 1. HP: 19/19 MP: 1/1
    28 | Temple   | Entered the Ecumenical Temple
   423 | Temple   | Became a worshipper of Warmaster Okawaru
   459 | D:5      | Noticed a necrophage
   483 | D:5      | Noticed a hound
   502 | D:5      | Killed a hound
   503 | D:5      | Reached skill level 5 in Stealth
   503 | D:5      | Reached XP level 2. HP: 9/26 MP: 2/2
   503 | D:5      | Reached XP level 3. HP: 11/31 MP: 3/3
   795 | D:5      | Reached XP level 4. HP: 8/40 MP: 4/4
   799 | D:5      | Slain by an iguana

Illustrated notes

Levels and vault maps discovered:
D:5:      layout_loops_ring, mainiacjoe_overflow_alcove_1,
          minmay_temple_entry_purple_smoke, uniq_menkaure
Temple:   roderic_octagonal_lattice_temple

Skill      XL: |  1 |
---------------+----+-----
Stealth        | 5 |  5.6
Fighting       | |  3.7
Short Blades   | |  2.1
Dodging        | |  1.9

Action                   |  1- 3 |  4- 6 || total
-------------------------+-------+-------++-------
Melee: Short sword       |    22 |     5 ||    27
       Tailslap          |     2 |     1 ||     3
 Stab: Sleeping          |     2 |       ||     2
Armor: Skin              |     4 |     1 ||     5
Dodge: Dodged            |    18 |     3 ||    21

Table legend: (Time is in decaauts)
 A = Elapsed time spent in this place.
 B = Non-inter-level travel time spent in this place.
 C = Inter-level travel time spent in this place.
 D = Time resting spent in this place.
 E = Time spent auto-exploring this place.
 F = Levels seen in this place.
 G = Mean time per level.
                   A        B        C        D        E       F      G
               +--------+--------+--------+--------+--------+-----+--------+
         Total |    799 |    731 |     68 |      0 |    649 |   2 |  399.5 |
       Dungeon |    382 |    372 |     10 |      0 |    314 |   1 |  382.0 |
        Temple |    416 |    358 |     58 |      0 |    335 |   1 |  416.0 |
               +--------+--------+--------+--------+--------+-----+--------+

Top non-repeatable levels by time:
  Temple: 416 daAuts
     D:5: 382 daAuts
